Blore, chaotic male elven Priest ------------ #######-..........| --------- # |..........| -.......| ### #...........| ----- |.......-#######------------- # ###|..>.......| |<[.| |....)..| #|`.........`.## # |..........| |..f@#########-.......| #|.....`.....| ### ------------ |..Y| |.......| #|...- ---...| ### |....#########--------- #|...| |...| ### ----- ############## %|..`| |`..| # # [|...| |....#### ####|...-----...| ##|.....`.....| ##.`.........`| ---------- --- #------|------# |............| ####################.............| |............| -------------- Blore the Adept Experience level: 6 Strength: 14 Dexterity: 13 Constitution: 12 Intelligence: 11 Wisdom: 16 Charisma: 11 Health: 0(39) Energy: 11(62) Def: 0 Gold: 0 Moves: 3749 Dungeon seed: NPOx82XjU38YFlNh Game ID: Blore_1614170344 Your Inventory: Weapons a - a blessed +1 mace (weapon in hand) m - 22 +0 darts (in quiver) Armor e - a +0 pair of low boots n - a +0 small shield q - a +0 orcish helm z - a +0 pair of gauntlets of dexterity N - a +0 cloak of protection Y - a +0 pair of speed boots Comestibles c - 4 cloves of garlic d - a sprig of wolfsbane V - a lembas wafer Potions b - 8 potions of holy water R - a potion of paralysis W - a potion of object detection Wands j - a wand of slow monster (0:0) M - a wand of locking (0:7) Q - a wand of undead turning (0:3) Tools x - a partly used tallow candle (0:152) J - a sack O - an oilskin sack P - 4 tallow candles (0:200) S - a +0 pick-axe (alternate weapon; not wielded) X - a mirror Z - a tin whistle Gems r - 2 amethyst stones Contents of the sack: 1767 gold pieces a food ration a scroll of blank paper a cursed scroll of magic mapping a cursed scroll of stinking cloud a spellbook of create monster a spellbook of detect monsters a spellbook of extra healing a spellbook of healing a cursed potion of confusion a cursed potion of restore ability a potion of speed a cursed ring of conflict a ring of fire resistance a blindfold 2 worthless pieces of green glass a worthless piece of orange glass a worthless piece of red glass 2 cursed worthless pieces of yellow glass Spells and supernatural/magical abilities: Name Level Category Fail Memory h - healing 1 healing 0% 95% n - detect monsters 1 divination 0% 82% x - extra healing 3 healing 91% 82% W - pray for help -- divine ? -- X - turn undead -- divine ? -- Your skills at the end: Fighting Skills Weapon Skills mace [Basic] Spellcasting Skills clerical spells [Basic] Final Attributes: You were piously aligned. You were sleep resistant. You had infravision. You are dead. Vanquished creatures: a gnome mummy a mountain nymph an orc shaman a rock mole a pony a fog cloud a shrieker 2 gnome lords a gnomish wizard a golden naga hatchling 3 elf zombies a straw golem a giant ant a kitten 3 dwarves a homunculus a wererat a werejackal 3 iguanas a hobbit a large kobold 2 giant rats 3 yellow molds a gnome 4 geckos 9 jackals 2 foxes a kobold a goblin 6 sewer rats 6 grid bugs 3 lichens 7 newts 73 creatures vanquished. Voluntary challenges: You had been an atheist until turn 2205. You used a wielded weapon 125 times, starting on turn 2. You read items or engraved 5 times, starting on turn 63. You never genocided any monsters. You never polymorphed an object. You never changed form. You used no wishes. You never split a pudding. You never wrote Elbereth's name. You never violated your personal moral code. Dungeon overview: The Dungeons of Doom: levels 1 to 9 Level 1 a long staircase Level 2 a potion shop a long staircase Level 3 Level 4 an armor shop, a fountain Level 5 a fountain Level 6 a fountain Level 7 (altar) an altar to Poseidon, a fountain Level 8 Level 9 <- You were here History has recorded: On T:1 you entered the Dungeons of Doom to retrieve the Amulet of Yendor! On T:615 you advanced to experience level 2. On T:1007 you reached level 2 of The Dungeons of Doom. On T:1233 you advanced to experience level 3. On T:1388 you reached level 3 of The Dungeons of Doom. On T:1770 you reached level 4 of The Dungeons of Doom. On T:1856 you advanced to experience level 4. On T:2121 you advanced to experience level 5. On T:2152 you reached level 5 of The Dungeons of Doom. On T:2653 you reached level 6 of The Dungeons of Doom. On T:2960 you reached level 7 of The Dungeons of Doom. On T:3241 you reached level 8 of The Dungeons of Doom. On T:3361 you advanced to experience level 6. On T:3470 you reached level 9 of The Dungeons of Doom. Score breakdown: Gold: 1767 (11046 points) Experience: 6 levels (12456 points) Exploration: 9 levels ( 17.65%) (12000 points) Discoveries: 7 items ( 2.45%) ( 4693 points) Valuables value: (no points given unless you survive) Artifact value: 0 ( 0 points) Variety of kills: 33 monsters ( 8.66%) ( 8829 points) Turncount: 3749 turns ( -929 points) Survival: died (score multiplied by 80%) Total score: 38476 Latest messages: Time stands still while you and the succubus lie in each other's arms... You seem to have enjoyed it more than the succubus... You feel restored to health! "It's on the house!" You hear some noises in the distance. You stop running. You hear snoring snakes. You stop running. (2x) You hear some noises. You hear some noises in the distance. The yeti hits! (2x) The yeti bites! You hit the yeti. The yeti hits! (2x) The yeti bites! The yeti hits! (2x) The yeti bites! The yeti hits! (2x) The yeti bites! You die... The oilskin sack is empty. The oilskin sack is empty. Final status: Goodbye Blore the Priest, killed by a yeti... You died in The Dungeons of Doom on dungeon level 9 with 38476 points, and 1767 pieces of gold, after 3749 moves. You were level 6 with a maximum of 39 hit points when you died.